 Dungeon Crawl Stone Soup version 0.18-a0-1300-g6e8322c (webtiles) character file.

61 namelastname112 the Caller (level 3, -5/30 HPs)
             Began as a Draconian Summoner on Feb 11, 2016.
             Killed by nerve-wracking pain
             ... invoked by Jessica
              (9 damage)
             ... on level 2 of the Dungeon.
             The game lasted 00:03:23 (1582 turns).

namelastname112 the Caller (Draconian Summoner)     Turns: 1582, Time: 00:03:23

Health: -5/30      AC:  5    Str: 10    XL:     3   Next: 83%
Magic:  2/6        EV: 13    Int: 16    God:
Gold:   47         SH:  0    Dex: 11    Spells: 3 memorised, 0 levels left

rFire  . . .     SeeInvis .     g - +1 dagger (flame)
rCold  . . .     Gourm    .     (armour unavailable)
rNeg   . . .     Faith    .     (no shield)
rPois  .         Spirit   .     (helmet restricted)
rElec  .         Dismiss  .     (no cloak)
rCorr  .         Reflect  .     (no gloves)
SustAt .         Harm     .     (no boots)
MR     .....                    (no amulet)
Stlth  ++........               (no ring)
                                (no ring)

@: not resistant to hostile enchantments, unstealthy
A: unfitting armour, cold-blooded, AC +5
a: no special abilities


You were on level 2 of the Dungeon.
You were hungry.

You visited 1 branch of the dungeon, and saw 2 of its levels.

You collected 47 gold pieces.

Inventory:

Hand Weapons
 g - a +1 dagger of flaming (weapon)
Scrolls
 c - a scroll of fear {unknown}
 d - a scroll of random uselessness {unknown}
 e - a scroll of amnesia {unknown}
 i - 2 scrolls of identify {unknown}
Books
 a - a book of Callings

   Spells                             Type                      Level
   a - Summon Small Mammal            Summoning                    1
   b - Call Imp                       Summoning                    2
   c - Call Canine Familiar           Summoning                    3
   d - Summon Guardian Golem          Hexes/Summoning              3
   e - Summon Lightning Spire         Summoning/Air                4
   f - Summon Ice Beast               Ice/Summoning                4
Comestibles
 b - a bread ration
 f - 3 meat rations
 h - 2 royal jellies
 j - a chunk of flesh


   Skills:
 + Level 2.3 Fighting
 + Level 3.1 Dodging
 - Level 1.7 Stealth
 - Level 2.0 Spellcasting
 - Level 4.0 Summonings


You couldn't memorise any spells.
You knew the following spells:

 Your Spells              Type           Power        Failure   Level  Hunger
a - Summon Small Mammal   Summ           ##..         4%          1    #......
c - Call Canine Familiar  Summ           ##......     12%         3    ###....
x - Call Imp              Summ           ##......     8%          2    ###....


Dungeon Overview and Level Annotations

Branches:
Dungeon (2/15)

Altars:

Annotations:
D:2 Jessica


Innate Abilities, Weirdness & Mutations

Your plain brown scales are hard (AC +5).
Your body does not fit into most forms of armour.
You are cold-blooded and may be slowed by cold attacks.


Message History

Your hound's corpse disappears in a puff of smoke!
Casting: Call Canine Familiar
Confirm with . or Enter, or press ? or * to list all spells.
A beastly little devil appears in a puff of flame.
Jessica casts a spell at you. Pain shoots through your body!
* * * LOW HITPOINT WARNING * * *
You swap places.
Jessica misses your crimson imp.
Your crimson imp hits Jessica.
Jessica barely misses your crimson imp.
Your crimson imp barely misses Jessica.
A worm comes into view.
Your crimson imp hits Jessica.
Found 2 blue potions.
Found a stone staircase leading down.
You aren't carrying any potions.
Something bites your crimson imp.
Jessica shouts, "Stop bothering me, or I'll kill you!"
Jessica casts a spell at you. Pain shoots through your body!
You die...

...##.#......#........#####
...#.........#.###.##.#
...#...##......# #.##.###
.###........######......######
..##........##...#............
#.##5.......##...#..........##
.....................<.....>..
#..#..@.#...##........)...#.#
##....#.#...##..@.........#
......#.# ..##............#
......#.# .#.............#
....w.#.#####.###.........#
..(....5...@..#######.##.##
.(...#.....!..........# .#
..........#...........# .#
......#.#.#...........# .#
#####...#.#............


You could see Jessica.

Vanquished Creatures
  An adder (D:2)
  A worm (D:2)
  A giant gecko (D:1)
  2 giant cockroaches
  2 hobgoblins (D:2)
  4 jackals
  A ball python (D:1)
  3 bats
  A giant newt (D:2)
  4 kobolds
  4 rats
24 creatures vanquished.

Vanquished Creatures (collateral kills)
  2 adders (D:2)
  A worm (D:2)
  4 bats
  3 goblins
  A hobgoblin (D:1)
  9 jackals
  A giant newt (D:1)
  5 kobolds
  A rat (D:2)
27 creatures vanquished.

Grand Total: 51 creatures vanquished

Notes
Turn   | Place    | Note
--------------------------------------------------------------
     0 | D:1      | namelastname112 the Draconian Summoner began the quest for the Orb.
     0 | D:1      | Reached XP level 1. HP: 14/14 MP: 3/3
   213 | D:1      | Reached XP level 2. HP: 19/22 MP: 3/5
   217 | D:1      | Learned a level 2 spell: Call Imp
   551 | D:1      | Reached skill level 1 in Fighting
  1070 | D:2      | Reached XP level 3. HP: 19/28 MP: 1/6
  1076 | D:2      | Learned a level 3 spell: Call Canine Familiar
  1515 | D:2      | Noticed Jessica
  1582 | D:2      | Killed from afar by Jessica

Vault maps used:
D:1:      zelgadis_glass_arrival_large
D:2:      okawaru_metal_pillars_1_2, uniq_jessica

Action                   || total
-------------------------++-------
Melee: Unarmed           ||    28
       Dagger            ||    62
 Cast: Summon Small Mamm ||     9
       Call Imp          ||    15
       Call Canine Famil ||     2
 Stab: Distracted        ||     1
  Eat: Chunk             ||     3
